 Dungeon Crawl Stone Soup version 0.29-a0-1018-g6b6670bd90 (webtiles) character file.

Game seed: 16036003821401721864

52 BritishOli the Trooper (level 3, -2/29 HPs)
             Began as a Demonspawn Fighter on Aug 10, 2022.
             Slain by a hobgoblin (4 damage)
             ... on level 2 of the Dungeon.
             The game lasted 00:01:51 (1145 turns).

BritishOli the Trooper (Demonspawn Fighter)         Turns: 1145, Time: 00:01:52

Health: -2/29      AC:  8    Str: 18    XL:     3   Next: 60%
Magic:  3/3        EV:  6    Int:  9    God:
Gold:   41         SH:  4    Dex: 12    Spells: 2/2 levels left

rFire   . . .      SeeInvis +   a - +0 long sword
rCold   . . .      Faith    .   c - +0 buckler
rNeg    . . .      Spirit   .   b - +0 scale mail
rPois   .          Reflect  .   (no helmet)
rElec   .          Harm     .   (no cloak)
rCorr   .          Rampage  .   (no gloves)
Will    .....                   (no boots)
Stlth   ..........              (no amulet)
HPRegen 0.09/turn               k - ring of see invisible
MPRegen 0.08/turn               (no ring)

@: constricted
A: icy blue scales 1
a: no special abilities


You were on level 2 of the Dungeon.
You visited 1 branch of the dungeon, and saw 2 of its levels.

You collected 41 gold pieces.

Inventory:

Hand Weapons
 a - a +0 long sword (weapon)
Armour
 b - a +0 scale mail (worn)
 c - a +0 buckler (worn)
Jewellery
 k - a ring of see invisible (left hand)
Scrolls
 e - 2 scrolls of summoning {unknown}
 h - a scroll of identify {unknown}
 j - a scroll of noise {unknown}
Potions
 d - a potion of might
 f - a potion of lignification {unknown}
 g - a potion of brilliance {unknown}
 i - a potion of curing {unknown}


   Skills:
 + Level 3.4 Fighting
 + Level 2.4 Long Blades
 + Level 3.2 Armour
 + Level 3.1 Shields


You had 2 spell levels left.
You didn't know any spells.
Your spell library contained the following spells:

 Spells                   Type           Power      Damage    Failure   Level
 Foxfire                  Conj/Fire      0%         2x1d4     86%         1
 Sandblast                Erth           0%         2d4       86%         1
 Passwall                 Tmut/Erth      0%         N/A       94%         2
 Conjure Flame            Conj/Fire      0%         6-21      99%         3
 Inner Flame              Hex/Fire       0%         N/A       99%         3
 Stone Arrow              Conj/Erth      0%         3d7       99%         3
 Flame Wave               Conj/Fire      0%         2d4       100%        4


Dungeon Overview and Level Annotations

Branches:
Dungeon (2/15)

Altars:


Innate Abilities, Weirdness & Mutations

You are partially covered in icy blue scales. (AC +2)


Message History

The adder is severely wounded.
The adder bites you but does no damage. x2
You miss the adder.
The adder is severely wounded.
The adder barely misses you. The adder closely misses you.
You closely miss the adder.
The adder is severely wounded.
The adder barely misses you.
The hobgoblin throws a poisoned dart.
The poisoned dart hits you!
You are poisoned.
You slash the adder!
You kill the adder!
You feel very sick. You block the ball python's attack. x2
You closely miss the ball python.
You feel sick.
The ball python bites you but does no damage.
The ball python grabs you. The ball python constricts you.
The hobgoblin hits you.
* * * LOW HITPOINT WARNING * * *
You block the hobgoblin's attack. The ball python barely misses you.
The ball python constricts you.
You hit the hobgoblin.
The hobgoblin is severely wounded.
You feel sick. The ball python completely misses you.
The ball python constricts you.
The hobgoblin drinks a potion.
The hobgoblin seems to speed up.
You closely miss the hobgoblin.
The hobgoblin is severely wounded.
You feel sick. The hobgoblin barely misses you.
The ball python bites you but does no damage.
The ball python constricts you.
The hobgoblin hits you but does no damage.
The ball python closely misses you. The ball python constricts you.
You completely miss the hobgoblin.
The hobgoblin is severely wounded.
* * * LOW HITPOINT WARNING * * *
You feel sick.
You are no longer poisoned.
The hobgoblin hits you.
You die...

... ...# ... .. ####
#.## ..... ..#
#.....
######.##...........
#gg@SKg.............
#.#####.............
#.# ##..#...........
#..##KK##...........
#..g†###...........
##..## #...........
##..#####.....†....
##.............†.†..
#..#S#.#....########


You could see 3 hobgoblins, a ball python and a kobold.

Vanquished Creatures
  An adder (D:2)
  A worm (D:2)
  5 ball pythons
  A bat (D:1)
  3 endoplasms (D:1)
  3 giant cockroaches
  2 goblins
  6 hobgoblins
  4 kobolds
  2 quokkas (D:1)
  A frilled lizard (D:1)
  8 rats
37 creatures vanquished.

Notes
Turn   | Place    | Note
-------+----------+-------------------------------------------
     0 | D:1      | BritishOli the Demonspawn Fighter began the quest for the
                  | Orb.
     0 | D:1      | Reached XP level 1. HP: 18/18 MP: 1/1
   311 | D:1      | Gained mutation: You are partially covered in icy blue
                  | scales. (AC +2) [demonic ancestry]
   311 | D:1      | Reached XP level 2. HP: 20/24 MP: 2/2
   822 | D:1      | Reached XP level 3. HP: 29/29 MP: 3/3
   822 | D:1      | Found a faded altar of an unknown god.
  1145 | D:2      | Slain by a hobgoblin

Illustrated notes

Levels and vault maps discovered:
D:1:      dpeg_arrival_ratfight, layout_basic, dreamdust_ecumenical_altar_grove
D:2:      layout_rooms, minmay_pentomino_w4

Skill      XL: |  1  2 |
---------------+-------+-----
Long Blades    | 2 |  2.4
Armour         | 3 |  3.2
Shields        | 3 |  3.1
Fighting       | |  3.4

Action                   || total
-------------------------++-------
Melee: Long sword        ||   112
Armor: Scale mail        ||    72
Dodge: Dodged            ||    58
Block: Buckler           ||    31

Table legend: (Time is in decaauts)
 A = Elapsed time spent in this place.
 B = Non-inter-level travel time spent in this place.
 C = Inter-level travel time spent in this place.
 D = Time resting spent in this place.
 E = Time spent auto-exploring this place.
 F = Levels seen in this place.
 G = Mean time per level.
                   A        B        C        D        E       F      G
               +--------+--------+--------+--------+--------+-----+--------+
         Total |   1180 |   1155 |     25 |    196 |    707 |   2 |  590.0 |
       Dungeon |   1180 |   1155 |     25 |    196 |    707 |   2 |  590.0 |
               +--------+--------+--------+--------+--------+-----+--------+

Top non-repeatable levels by time:
     D:1: 958 daAuts
     D:2: 222 daAuts
